 Dungeon Crawl Stone Soup version 0.24.0-1-gfbc8707122 (webtiles) character file.

Game seed: 16630956477394761612, levelgen mode: deterministic

160 Aviak the Ruffian (level 5, 0/44 HPs)
             Began as a Naga Transmuter on Oct 28, 2019.
             Slain by an orc
             ... wielding a +0 hand axe
              (1 damage)
             ... on level 4 of the Dungeon.
             The game lasted 00:05:30 (3733 turns).

Aviak the Ruffian (Naga Transmuter)                 Turns: 3733, Time: 00:05:31

Health: 0/44       AC:  2    Str: 10 (13) XL:     5   Next: 41%
Magic:  8/8        EV: 10    Int: 11 (14) God:
Gold:   136        SH:  0    Dex: 10 (11) Spells: 3/9 levels left

rFire    . . .     SeeInvis +     - Unarmed
rCold    . . .     Gourm    .   (no shield)
rNeg     . . .     Faith    .   b - +0 robe
rPois    +         Spirit   .   (no helmet)
rElec    .         Reflect  .   (no cloak)
rCorr    .         Harm     .   (no gloves)
MR       .....                  (no barding)
Stlth    +.........             (no amulet)
HPRegen  0.14/turn              (no ring)
MPRegen  0.11/turn              (no ring)

@: short of breath, very slow
A: large, see invisible, deformed body, poison resistance, slowness 2, slow
metabolism 1, spit poison 1, AC +1
a: Spit Poison


You were on level 4 of the Dungeon.
You were not hungry.

You visited 1 branch of the dungeon, and saw 4 of its levels.

You collected 136 gold pieces.

Inventory:

Missiles
 a - 8 arrows
Armour
 b - a +0 robe (worn)
Scrolls
 c - 6 scrolls of remove curse {unknown}
 g - a scroll of enchant weapon {unknown}
 h - a scroll of magic mapping {unknown}
 i - 5 scrolls of identify {unknown}
 l - a scroll of fear {unknown}
 m - a scroll of enchant armour {unknown}
 q - a scroll of noise {unknown}
 r - a scroll of amnesia {unknown}
Potions
 e - a potion of degeneration {!q!q}
 j - a potion of haste {unknown}
 k - a potion of curing {unknown}
 n - a potion of heal wounds {unknown}
 o - a potion of lignification {unknown}
 p - a potion of brilliance {unknown}
Comestibles
 d - 8 rations


   Skills:
 + Level 1.5 Fighting
 - Level 1.5 Dodging
 + Level 4.0 Unarmed Combat
 - Level 2.5 Spellcasting
 - Level 3.0 Transmutations
 * Level 3.5 Poison Magic


You had 3 spell levels left.
You knew the following spells:

 Your Spells              Type           Power        Failure   Level  Hunger
a - Beastly Appendage     Tmut           #.....       9%          1    ##.....
b - Sticks to Snakes      Tmut           #.......     12%         2    ###....
c - Spider Form           Tmut/Pois      #.........   22%         3    ####...

Your spell library contained the following spells:

 Spells                   Type           Power        Failure   Level  Hunger
 Ice Form                 Ice/Tmut       #.......     83%         4    #####..
 Blade Hands              Tmut           #.........   92%         5    ######.


Dungeon Overview and Level Annotations

Branches:
Dungeon (4/15)
 Temple: D:4-7

Altars:
Ashenzari
Fedhas
Ru
Vehumet


Innate Abilities, Weirdness & Mutations

You cannot wear boots.
Your serpentine skin is tough. (AC +1)
You have supernaturally acute eyesight. (SInv)
Armour fits poorly on your strangely shaped body.
Your system is resistant to poisons. (rPois)
You cover ground very slowly.
You have a slow metabolism.
You can spit poison.


Message History

Aim: an orc, wielding a +0 flail The splash of poison hits the orc!
The orc is poisoned.
You kill the orc!
You feel slightly more hungry. The orc closely misses you.
The orc hits you with a +0 hand axe. The orc hits you with a +0 hand axe.
The orc hits you with a +0 flail!
* * * LOW HITPOINT WARNING * * *
It was a potion of degeneration.
There was something very wrong with that liquid.
You feel weakened.
You feel dopey.
You feel clumsy. The orc hits you.
* * * LOW HITPOINT WARNING * * *
The orc hits you but does no damage.
It was a potion of magic.
Magic courses through your body.
The orc looks more healthy.
The orc hits you with a +0 flail!
* * * LOW HITPOINT WARNING * * *
The orc hits you.
* * * LOW HITPOINT WARNING * * *
The orc hits you with a +0 hand axe.
You die...

#......# #....###
#.#.## ## #.#.# .
#.#.## .#
#....##.####
#..#........
#.........#
#.#@#.....##
...###.ooo......>
......))†#.....#.
##########.....#
##.### .# . #


You could see 3 orcs.

Vanquished Creatures
  An orc wizard (D:4)
  7 adders
  A dart slug (D:1)
  3 leopard geckos
  2 orcs
  9 goblins
  10 hobgoblins
  2 jackals (D:1)
  4 quokkas
  2 ball pythons
  10 bats
  A frilled lizard (D:1)
  8 kobolds
  8 rats
68 creatures vanquished.

Vanquished Creatures (collateral kills)
  A bat (D:1)
  A goblin (D:1)
  A frilled lizard (D:3)
3 creatures vanquished.

Grand Total: 71 creatures vanquished

Notes
Turn   | Place    | Note
-------+----------+-------------------------------------------
     0 | D:1      | Aviak the Naga Transmuter began the quest for the Orb.
     0 | D:1      | Reached XP level 1. HP: 18/18 MP: 3/3
   108 | D:1      | Reached XP level 2. HP: 10/25 MP: 3/5
   433 | D:1      | Learned a level 2 spell: Sticks to Snakes
  1095 | D:1      | Reached XP level 3. HP: 27/31 MP: 6/6
  1100 | D:1      | Learned a level 3 spell: Spider Form
  1542 | D:2      | Reached skill level 1 in Poison Magic
  2260 | D:2      | Reached XP level 4. HP: 32/38 MP: 7/7
  2498 | D:2      | Found a radiant altar of Vehumet.
  2530 | D:2      | Found a blossoming altar of Fedhas.
  2610 | D:3      | Found a shattered altar of Ashenzari.
  3416 | D:3      | Found a sacrificial altar of Ru.
  3545 | D:3      | Reached XP level 5. HP: 42/44 MP: 8/8
  3719 | D:4      | Reached skill level 4 in Unarmed Combat
  3733 | D:4      | HP: 1/44 [orc (4)]
  3733 | D:4      | Slain by an orc

Levels and vault maps discovered:
D:1:      psy_arrival_radial01, layout_loops_ring, chequers_jeans,
          minmay_small_reverse_x
D:2:      layout_basic, minitemple
D:3:      layout_rooms, cheibrodos_ashenzari_chains, nicolae_ru_awakened_eye
D:4:      layout_loops_ring, first_ration

Skill      XL: |  1  2  3  4  5 |
---------------+----------------+-----
Poison Magic   | 1 2 3 |  3.5
Transmutations | 3 |  3.0
Unarmed Combat | 4 |  4.0
Fighting       | |  1.5
Dodging        | |  1.5
Spellcasting   | |  2.5

Action                   |  1- 3 |  4- 6 || total
-------------------------+-------+-------++-------
Melee: Unarmed           |   117 |   131 ||   248
       Headbutt          |     7 |     5 ||    12
       Punch             |     1 |     1 ||     2
 Cast: Beastly Appendage |    15 |     9 ||    24
       Sticks to Snakes  |     2 |     2 ||     4
       Spider Form       |       |     3 ||     3
 Abil: Spit Poison       |    12 |     7 ||    19
  Use: Potion            |       |     2 ||     2
 Stab: Sleeping          |     1 |       ||     1
  Eat: Chunk             |     4 |     5 ||     9
Armor: Robe              |    22 |    33 ||    55
       Skin              |       |     3 ||     3
Dodge: Dodged            |    77 |   123 ||   200
